 Dungeon Crawl Stone Soup version 0.24.0-2-g5b39cebb1c (webtiles) character file.

Game seed: 10779082027859298392, levelgen mode: deterministic

113519 Inarius the Severer (level 16, -1/124 HPs)
             Began as a Demonspawn Gladiator on Oct 30, 2019.
             Was the Champion of Nemelex Xobeh.
             Slain by a wolf spider (22 damage)
             ... on level 1 of the Spider Nest.
             The game lasted 00:56:35 (28108 turns).

Inarius the Severer (Demonspawn Gladiator)         Turns: 28108, Time: 00:56:37

Health: -1/124     AC: 20    Str: 20    XL:     16   Next: 14%
Magic:  0/26       EV:  8    Int: 13    God:    Nemelex Xobeh [******]
Gold:   1733       SH:  9    Dex: 15    Spells: 15/15 levels left

rFire    + . .     SeeInvis .   w - +8 broad axe (venom)
rCold    . . .     Gourm    .   g - +0 shield
rNeg     . . .     Faith    .   q - +2 chain mail {rF+}
rPois    +         Spirit   +   c - +0 helmet
rElec    .         Reflect  .   O - scarf {repulsion}
rCorr    .         Harm     .   Z - +2 pair of gloves
MR       ++++.                  (boots unavailable)
Stlth    ..........             P - amulet of rage
HPRegen  0.30/turn              D - ring of Dusagur {+Blink MR+++ Int+4 Dex-2}
MPRegen  0.40/turn              J - ring of poison resistance

@: lightly drained, repel missiles
A: talons 3, molten scales 1, powered by death 2, magic shield, magic
regeneration, magic link
a: Draw Escape, Draw Destruction, Draw Summoning, Triple Draw, Deal Four, Stack
Five, Renounce Religion, Evoke Blink, Evoke Berserk Rage


You were on level 1 of the Spider Nest.
You worshipped Nemelex Xobeh.
Nemelex Xobeh was exalted by your worship.
You were not hungry.

You visited 5 branches of the dungeon, and saw 25 of its levels.
You also visited: Ice Cave and Volcano.

You collected 2744 gold pieces.
You spent 1011 gold pieces at shops.

Inventory:

Hand Weapons
 a - a +1 whip of venom
 o - a +5 eveningstar
 w - a +8 broad axe of venom (weapon)
Missiles
 d - 3 throwing nets
 K - 24 javelins (quivered)
Armour
 c - a +0 helmet (worn)
 e - a +1 cloak of cold resistance
 g - a +0 shield (worn)
 q - a +2 chain mail of fire resistance (worn)
 O - a scarf of repulsion (worn)
 Z - a +2 pair of gloves (worn)
Jewellery
 m - an uncursed ring of see invisible
 r - a +2 ring of strength
 s - an uncursed amulet of the gourmand
 D - the ring of Dusagur (left hand) {+Blink MR+++ Int+4 Dex-2}
   (You bought it in a shop on level 2 of the Orcish Mines)

   [ring of intelligence]

   It affects your intelligence (+4).
   It affects your dexterity (-2).
   It affects your resistance to hostile enchantments.
   It lets you blink.
 J - a ring of poison resistance (right hand)
 L - an uncursed ring of protection from fire
 P - an amulet of rage (around neck)
 U - an uncursed ring of protection from fire
 Y - an uncursed ring of protection from cold
Wands
 y - a wand of iceblast (3)
 B - a wand of clouds (8)
 G - a wand of acid (12)
 N - a wand of polymorph (21)
 Q - a wand of flame (5)
Scrolls
 h - 3 scrolls of enchant armour
 i - 2 scrolls of random uselessness {unknown}
 l - 10 scrolls of remove curse
 p - 4 scrolls of teleportation
 u - 2 scrolls of fear {unknown}
 v - 2 scrolls of summoning
 x - 3 scrolls of immolation
 F - a scroll of vulnerability
 I - 2 scrolls of magic mapping
Potions
 j - 6 potions of haste
 k - a potion of heal wounds
 n - 3 potions of curing
 t - 2 potions of invisibility
 z - 2 potions of flight
 A - 3 potions of berserk rage
 C - a potion of ambrosia
 H - 4 potions of mutation
 M - 3 potions of might
 S - a potion of resistance
 T - a potion of agility
 W - a potion of magic
 X - 3 potions of brilliance
Miscellaneous
 V - a lamp of fire
Comestibles
 b - 2 chunks of flesh
 f - 55 rations


   Skills:
 + Level 10.6(10.3) Fighting
 * Level 18.7(18.4) Axes
 - Level 1.7(1.5) Throwing
 + Level 9.6(9.3) Armour
 + Level 5.0(4.7) Dodging
 + Level 3.6(3.4) Shields
 * Level 13.7(13.5) Invocations
 * Level 6.2(6.0) Evocations


You had 15 spell levels left.
You didn't know any spells.
Your spell library contained the following spells:

 Spells                   Type           Power        Failure   Level  Hunger
 Beastly Appendage        Tmut           #.....       100%        1    ##.....
 Confusing Touch          Hex            #.....       100%        1    ##.....
 Sting                    Conj/Pois      #...         100%        1    ##.....
 Summon Small Mammal      Summ           #...         100%        1    ##.....
 Call Imp                 Summ           #.......     100%        2    ###....
 Poisonous Vapours        Pois/Air       #.....       100%        2    ###....
 Sticks to Snakes         Tmut           #.......     100%        2    ###....
 Call Canine Familiar     Summ           #.......     100%        3    ####...
 Confuse                  Hex            #.......     100%        3    ####...
 Gell's Gravitas          Tloc           #.........   100%        3    ####...
 Mephitic Cloud           Conj/Pois/Air  #.......     100%        3    ####...
 Recall                   Summ/Tloc      N/A          100%        3    ####...
 Spider Form              Tmut/Pois      #.........   100%        3    ####...
 Static Discharge         Conj/Air       #.......     100%        3    ####...
 Summon Guardian Golem    Hex/Summ       #.......     100%        3    ####...
 Ice Form                 Ice/Tmut       #.......     100%        4    #####..
 Olgreb's Toxic Radiance  Pois           #.......     100%        4    #####..
 Petrify                  Tmut/Erth      #.......     100%        4    #####..
 Summon Ice Beast         Ice/Summ       #.......     100%        4    #####..
 Summon Lightning Spire   Summ/Air       #.......     100%        4    #####..
 Aura of Abjuration       Summ           #.........   100%        5    ######.
 Blade Hands              Tmut           #.........   100%        5    ######.
 Lightning Bolt           Conj/Air       #.........   100%        5    ######.
 Metabolic Englaciation   Hex/Ice        #.........   100%        5    ######.
 Summon Demon             Summ           #.........   100%        5    ######.
 Summon Forest            Summ/Tloc      #.........   100%        5    ######.
 Summon Mana Viper        Hex/Summ       #.......     100%        5    ######.
 Venom Bolt               Conj/Pois      #.........   100%        5    ######.
 Yara's Violent Unravell  Hex/Tmut       #.........   100%        5    ######.
 Shadow Creatures         Summ           N/A          100%        6    #######
 Ignition                 Fire           #.........   100%        8    #######
 Shatter                  Erth           #.........   100%        9    #######
 Tornado                  Air            #.........   100%        9    #######


Dungeon Overview and Level Annotations

Branches:
Dungeon (15/15)            Temple (1/1) D:4            Lair (6/6) D:8
  Swamp (0/4) Lair:2       Spider (1/4) Lair:3        Slime (0/5) Lair:6
    Orc (2/2) D:11            Elf (0/3) Orc:2        Vaults (0/5) D:14
 Depths (0/5) D:15          IceCv (visited)         Volcano (visited)

Altars:
Ashenzari
Cheibriados
Dithmenos
Elyvilon
Fedhas
Gozag
Hepliaklqana
Kikubaaqudgha
Nemelex Xobeh
Okawaru
Qazlal
Ru
Sif Muna
Trog
Vehumet
Wu Jian
Xom
Yredelemnul
Zin
The Shining One
Beogh

Shops:
D:5 *%   D:8 *   D:15 *   Orc:2 (=*[

Annotations:
D:14 2 runed translucent doors
Lair:1 2 transporters, exclusion: 2 oklob plants, Taxzan's ghost, journeyman MiGl
Lair:2 exclusion: 2 oklob plants


Innate Abilities, Weirdness & Mutations

You have claws for feet.
You are partially covered in molten scales. (AC +2)
You regenerate health from kills.
When hurt, damage is shared between your health and your magic reserves.
You regenerate magic rapidly.
When low on magic, you restore magic in place of health.


Message History

The wolf spider closely misses you. You block the wolf spider's attack.
Unknown command.
Unknown command.
You fail to use your ability.
You block the wolf spider's attack.
The wolf spider bites you but does no damage.
You block the hornet's attack.
The moth of wrath goads the redback on!
The redback goes berserk!
The wolf spider hits you!!
* * * LOW HITPOINT WARNING * * *
The wolf spider bites you but does no damage.
The hornet stings you but does no damage.
The vampire mosquito bites you but does no damage.
Unknown command.
You feel much better. The wolf spider hits you.
* * * LOW HITPOINT WARNING * * *
The wolf spider bites you.
* * * LOW HITPOINT WARNING * * *
You block the wolf spider's attack. The wolf spider barely misses you.
The wolf spider hits you!!
You die...
Your body glows with a rainbow of weird colours and disappears.

y.#.##.# .
S.#....#. ..
#..# .. #..
## #St# .#
##..###.
#H†#..#
#.#.#.. #
h#bG.}#
#..s..#.###
.§†..G#
...#..#...
s.####.#
#.y.##....
#.# .#
#@y#...###
#.. #
#.#ssy......
.s.
#sssy####...
.#.^
.......s...#
. .°
.....###...#
. #s. ..##.
.##.. # ..
.# .# .# #.
.. #. . #


You could see a demonic crawler, 2 wolf spiders, a moth of wrath, an orb spider,
a hornet, 2 vampire mosquitoes and 2 redbacks.

Vanquished Creatures
  Saint Roka (Orc:2)
  Kirke (D:12)
  Gastronok (Lair:3)
  2 frost giants
  Snorg (Lair:6)
  A fire dragon (D:12)
  Fannar (D:11)
  A vault guard (D:14)
  A shambling mangrove (Lair:6)
  Erica (D:10)
  3 hydras
  3 centaur warriors
  9 two-headed ogres
  A catoblepas (D:15)
  A dancing weapon (Volcano)
  Urug (D:12)
  3 tengu warriors
  An orc high priest (Orc:1)
  21 spriggans (Lair:6)
  A deep elf knight (D:12)
  A sea snake (Spider:1)
  2 unseen horrors
  4 wizards (Volcano)
  A lindwurm (Lair:6)
  A wolf spider zombie (D:13)
  A phantasmal warrior (D:12)
  3 orc knights (Orc:2)
  6 ugly things
  4 deep elf magi
  A manticore (D:12)
  An orb spider (Lair:3)
  2 orc sorcerers (Orc:2)
  A moth of wrath (Spider:1)
  2 wolf spiders (Spider:1)
  18 elephants
  Maurice (D:10)
  3 toenail golems (Volcano)
  3 black mambas
  An ice statue (IceCv)
  3 gargoyles
  A yaktaur (D:15)
  2 torpor snails (Lair:6)
  14 spiny frogs
  A rime drake (shapeshifter) (D:12)
  5 rime drakes (Lair:3)
  5 komodo dragons
  4 centaur skeletons
  An efreet (D:14)
  2 tengu conjurers
  A wandering mushroom (Lair:1)
  3 meliai (D:15)
  A queen bee (Lair:3)
  A jumping spider (shapeshifter) (D:15)
  3 jumping spiders (Spider:1)
  22 polar bears
  Prince Ribbit (Lair:1)
  14 blink frogs
  2 bog bodies (Lair:2)
  8 hornets
  11 trolls
  5 slime creatures
  2 dream sheep (Lair:6)
  14 hippogriffs
  A meliai zombie (D:13)
  2 shadows
  A redback (Spider:1)
  A yak (shapeshifter) (D:13)
  A vampire (D:15)
  A human (D:7)
  4 tarantellas (Spider:1)
  3 basilisks
  72 yaks
  5 wyverns
  8 hogs
  2 hungry ghosts
  8 steam dragons
  4 vampire mosquitoes (D:15)
  A warg (Orc:2)
  A naga (Lair:3)
  3 soldier ants
  8 water moccasins
  An acid dragon (Lair:3)
  10 porcupines
  A floating eye (Lair:1)
  A black bear (shapeshifter) (D:15)
  15 orc warriors
  7 black bears
  2 ice beasts
  3 sky beasts
  A hornet zombie (D:15)
  An eye of draining (D:12)
  3 phantoms
  A boggart (shapeshifter) (Spider:1)
  8 ogres
  4 boggarts (Lair:6)
  13 crocodiles
  26 wolves
  6 centaurs
  A big kobold (D:9)
  15 bullfrogs
  A gnoll sergeant (Orc:2)
  A wyvern skeleton (D:13)
  9 scorpions
  16 wights
  10 killer bees
  7 howler monkeys
  7 centaur zombies
  5 crimson imps
  A quasit (D:5)
  2 bullfrog zombies
  5 jellies
  16 orc priests
  6 hounds
  26 orc wizards
  An iguana (D:9)
  3 worker ants
  A hound zombie (D:10)
  A hound skeleton (D:6)
  A worker ant zombie (D:11)
  9 gnolls
  2 howler monkey skeletons
  14 adders
  2 shadow imps
  2 oozes
  2 worms
  2 dart slugs
  5 leopard geckos
  64 orcs
  A ball python (D:1)
  7 giant cockroaches
  6 goblins
  4 hobgoblins
  13 jackals
  3 quokkas
  A ball python zombie (D:5)
  7 bats
  5 frilled lizards
  11 kobolds
  A leopard gecko skeleton (D:6)
  4 rats
  3 bushes (Lair:6)
  11 fungi
  18 plants
798 creatures vanquished.

Vanquished Creatures (collateral kills)
  A wizard (Volcano)
  A demonic crawler (Spider:1)
  A tarantella (Spider:1)
  3 orc warriors (Orc:2)
  4 orcs (Orc:2)
10 creatures vanquished.

Vanquished Creatures (others)
  An unseen horror (D:14)
  2 toenail golems (Volcano)
  A komodo dragon (Lair:1)
  A butterfly (Lair:3)
  30 fungi
  20 plants
55 creatures vanquished.

Grand Total: 863 creatures vanquished

Notes
Turn   | Place    | Note
-------+----------+-------------------------------------------
     0 | D:1      | Inarius the Demonspawn Gladiator began the quest for the
                  | Orb.
     0 | D:1      | Reached XP level 1. HP: 16/16 MP: 1/1
     6 | D:1      | Noticed a hog
     6 | D:1      | Noticed a salamander
     8 | D:1      | Noticed a swamp worm
    63 | D:1      | Reached skill level 3 in Axes
    98 | D:1      | Gained mutation: When hurt, damage is shared between your
                  | health and your magic reserves. [demonic ancestry]
    98 | D:1      | Reached XP level 2. HP: 22/22 MP: 2/2
   437 | D:1      | Reached XP level 3. HP: 26/27 MP: 3/3
   931 | D:2      | Found a snail-covered altar of Cheibriados.
  1139 | D:2      | Found a shimmering blue altar of Sif Muna.
  1187 | D:2      | Reached skill level 4 in Axes
  1460 | D:3      | Found a shadowy altar of Dithmenos.
  1515 | D:3      | Reached XP level 4. HP: 19/33 MP: 4/4
  2124 | D:3      | Found a blossoming altar of Fedhas.
  2336 | D:3      | Gained mutation: You regenerate magic rapidly. [demonic
                  | ancestry]
  2336 | D:3      | Reached XP level 5. HP: 39/39 MP: 5/5
  2758 | D:4      | Found a staircase to the Ecumenical Temple.
  2809 | Temple   | Entered the Ecumenical Temple
  2868 | D:4      | Reached skill level 1 in Armour
  2932 | D:4      | Reached skill level 5 in Axes
  3540 | D:4      | Reached XP level 6. HP: 45/46 MP: 6/6
  3816 | D:5      | Entered Level 5 of the Dungeon
  4032 | D:5      | Found Labuca's Assorted Antiques.
  4204 | D:4      | Reached skill level 6 in Axes
  4634 | D:5      | Gained mutation: You are partially covered in molten
                  | scales. (AC +2) [demonic ancestry]
  4634 | D:5      | Reached XP level 7. HP: 51/51 MP: 7/7
  4914 | Temple   | Became a worshipper of Nemelex Xobeh the Trickster
  5021 | D:5      | Received a gift from Nemelex Xobeh
  5025 | D:5      | Bought a runed broad axe for 140 gold pieces
  5025 | D:5      | Bought a scroll labeled EKKELO ZUDALL for 20 gold pieces
  5025 | D:5      | Bought a short gold wand for 80 gold pieces
  5025 | D:5      | Bought an emerald potion for 18 gold pieces
  5058 | D:5      | Found a sacrificial altar of Ru.
  5227 | D:5      | Found Lenootoa's Food Boutique.
  5396 | D:6      | Reached skill level 1 in Invocations
  5588 | D:6      | Reached skill level 7 in Axes
  5868 | D:6      | Reached XP level 8. HP: 58/58 MP: 9/9
  6199 | D:6      | Reached * piety under Nemelex Xobeh
  6241 | D:6      | Reached skill level 8 in Axes
  6683 | D:7      | Received a gift from Nemelex Xobeh
  6727 | D:7      | Reached skill level 9 in Axes
  6730 | D:7      | Gained mutation: You regenerate a little health from kills.
                  | [demonic ancestry]
  6730 | D:7      | Reached XP level 9. HP: 65/65 MP: 11/11
  7260 | D:8      | Reached skill level 10 in Axes
  7454 | D:8      | Reached skill level 5 in Invocations
  7460 | D:8      | Found a staircase to the Lair.
  7811 | D:8      | Reached XP level 10. HP: 62/73 MP: 10/14
  7864 | D:8      | Reached skill level 11 in Axes
  7888 | D:8      | Reached skill level 5 in Fighting
  8224 | D:8      | Found Osego's Assorted Antiques.
  8230 | D:8      | Bought a black potion for 19 gold pieces
  8230 | D:8      | Bought a scroll labeled ZIDEKO FEUS for 22 gold pieces
  8230 | D:8      | Bought a glowing copper ring for 110 gold pieces
  8411 | D:9      | Noticed a two-headed ogre
  8412 | D:9      | Noticed a two-headed ogre
  8424 | D:9      | Killed a two-headed ogre
  8429 | D:9      | Killed a two-headed ogre
  8570 | D:9      | Reached ** piety under Nemelex Xobeh
  8573 | D:9      | Received a gift from Nemelex Xobeh
  8609 | D:9      | Reached skill level 1 in Evocations
  8619 | D:9      | Found a white marble altar of Elyvilon.
  8707 | D:9      | Reached skill level 12 in Axes
  9084 | D:10     | Entered Level 10 of the Dungeon
  9107 | D:10     | Noticed Erica
  9114 | D:10     | Killed Erica
  9246 | D:10     | Noticed a two-headed ogre
  9283 | D:10     | Killed a two-headed ogre
  9283 | D:10     | Reached skill level 5 in Armour
  9283 | D:10     | Reached XP level 11. HP: 13/81 MP: 5/16
  9747 | D:10     | Noticed Maurice
 10030 | D:10     | Killed Maurice
 10490 | D:11     | Reached skill level 13 in Axes
 10492 | D:11     | Noticed a two-headed ogre
 10500 | D:11     | Killed a two-headed ogre
 10504 | D:11     | Noticed Fannar
 10510 | D:11     | Noticed a brown ugly thing
 10521 | D:11     | Killed Fannar
 10931 | D:11     | Received a gift from Nemelex Xobeh
 10941 | D:11     | Reached *** piety under Nemelex Xobeh
 11122 | D:11     | Found a staircase to the Orcish Mines.
 11466 | Lair:1   | Entered Level 1 of the Lair of Beasts
 11484 | Lair:1   | Noticed Prince Ribbit
 11491 | Lair:1   | Killed Prince Ribbit
 11615 | Lair:1   | Received a gift from Nemelex Xobeh
 11750 | Lair:1   | Gained mutation: You have sharp toenails. [demonic
                  | ancestry]
 11750 | Lair:1   | Reached XP level 12. HP: 53/89 MP: 14/18
 11871 | Lair:1   | Found a transporter.
 11914 | Lair:1   | Noticed a seven-headed hydra
 11940 | Lair:1   | Killed a seven-headed hydra
 11955 | Lair:1   | Reached skill level 14 in Axes
 12176 | Lair:1   | Noticed Taxzan's ghost (journeyman MiGl)
 12192 | Lair:1   | Found a transporter.
 12245 | Lair:1   | Paralysed by a floating eye for 3 turns
 13328 | Lair:2   | Reached **** piety under Nemelex Xobeh
 13403 | Lair:2   | Received a gift from Nemelex Xobeh
 13436 | Lair:2   | Found a bloodstained altar of Trog.
 13567 | Lair:2   | Received a gift from Nemelex Xobeh
 13912 | Lair:2   | Found a staircase to the Swamp.
 14581 | Lair:3   | Noticed a seven-headed hydra
 14596 | Lair:3   | Killed a seven-headed hydra
 14661 | Lair:3   | Received a gift from Nemelex Xobeh
 14737 | Lair:3   | Reached ***** piety under Nemelex Xobeh
 14813 | Lair:3   | Reached skill level 15 in Axes
 14902 | Lair:3   | Received a gift from Nemelex Xobeh
 14910 | Lair:3   | Found a hole to the Spider Nest.
 15019 | Lair:3   | Noticed Gastronok
 15286 | Lair:3   | Reached skill level 10 in Invocations
 15395 | Lair:3   | Gained mutation: You have razor-sharp toenails. [demonic
                  | ancestry]
 15395 | Lair:3   | Reached XP level 13. HP: 74/96 MP: 17/20
 15645 | Lair:3   | Killed Gastronok
 16176 | Lair:4   | Received a gift from Nemelex Xobeh
 17364 | Lair:5   | Reached skill level 16 in Axes
 17540 | Lair:6   | Entered Level 6 of the Lair of Beasts
 17592 | Lair:6   | Received a gift from Nemelex Xobeh
 18117 | Lair:6   | Found a dark tunnel.
 18138 | Volcano  | Entered a volcano
 18348 | Volcano  | Identified a scroll of acquirement
 18433 | Volcano  | Received a gift from Nemelex Xobeh
 18483 | Volcano  | Gained mutation: You have claws for feet. [demonic
                  | ancestry]
 18483 | Volcano  | Reached XP level 14. HP: 106/106 MP: 22/22
 19062 | Lair:6   | Reached skill level 17 in Axes
 19845 | Lair:6   | Received a gift from Nemelex Xobeh
 19980 | Lair:6   | Found a staircase to the Slime Pits.
 20043 | Lair:6   | Noticed Snorg
 20056 | Lair:6   | Killed Snorg
 20583 | Lair:6   | Reached ****** piety under Nemelex Xobeh
 21203 | Orc:1    | Entered Level 1 of the Orcish Mines
 21427 | Orc:1    | Received a gift from Nemelex Xobeh
 21545 | Orc:1    | Found a roughly hewn altar of Beogh.
 21763 | Orc:2    | Entered Level 2 of the Orcish Mines
 21820 | Orc:2    | Noticed Saint Roka
 21847 | Orc:2    | Killed Saint Roka
 21847 | Orc:2    | Reached skill level 1 in Shields
 21999 | Orc:2    | Found a staircase to the Elven Halls.
 22136 | Orc:2    | Found a roughly hewn altar of Beogh.
 22139 | Orc:2    | Found Jirimmog's Jewellery Emporium.
 22145 | Orc:2    | Bought the ring of Dusagur {+Blink MR+++ Int+4 Dex-2} for
                  | 576 gold pieces
 22164 | Orc:2    | Found Fyluhual's Antique Armour Emporium.
 22181 | Orc:2    | Found Wem Mon's General Store.
 22279 | Orc:2    | Bought a scroll of identify for 26 gold pieces
 22293 | Orc:2    | Found Dolepyol's Antique Weapon Emporium.
 22747 | D:12     | Reached skill level 18 in Axes
 22761 | D:12     | Gained mutation: When low on magic, you restore magic in
                  | place of health. [demonic ancestry]
 22761 | D:12     | Reached XP level 15. HP: 113/113 MP: 24/24
 22765 | D:12     | Noticed Kirke
 22776 | D:12     | Killed Kirke
 22854 | D:12     | Found a white marble altar of Elyvilon.
 23401 | D:12     | Received a gift from Nemelex Xobeh
 23449 | D:12     | Noticed Urug
 23467 | D:12     | Killed Urug
 23851 | D:13     | Found a frozen archway.
 23872 | IceCv    | Entered an ice cave
 24344 | IceCv    | Reached skill level 10 in Fighting
 24348 | IceCv    | Reached skill level 5 in Evocations
 24373 | IceCv    | Noticed a frost giant
 24388 | IceCv    | Killed a frost giant
 24410 | IceCv    | Received a gift from Nemelex Xobeh
 25483 | D:13     | Received a gift from Nemelex Xobeh
 25938 | D:14     | Found a runed translucent door.
 25939 | D:14     | Found the +2 shield of Resistance {rF+ rC+ MR+}
 25939 | D:14     | Found a runed translucent door.
 26137 | D:14     | Found a gate to the Vaults.
 26264 | D:14     | Got a pair of scorched boots
 26343 | D:15     | Entered Level 15 of the Dungeon
 26350 | D:15     | Noticed Agnes
 26352 | D:15     | Noticed Agnes
 26352 | D:15     | Agnes changed into Agnes the glowing shapeshifter
 26353 | D:15     | Noticed Agnes
 26353 | D:15     | Agnes the glowing shapeshifter changed into Agnes the black
                  | bear
 26358 | D:15     | Killed Agnes the black bear
 26363 | D:15     | Found Pitsewod's Blood Bar.
 26448 | D:15     | Received a gift from Nemelex Xobeh
 26676 | D:15     | Noticed Jorgrun
 26983 | D:15     | Received a gift from Nemelex Xobeh
 27056 | D:15     | Identified the cursed +0 pair of boots "Goreov" {-Tele
                  | rN+++ Regen+ Dex+4} (You found it on level 14 of the
                  | Dungeon)
 27232 | D:15     | Noticed Jorgrun
 27232 | D:15     | Jorgrun changed into Jorgrun the catoblepas
 27239 | D:15     | Killed Jorgrun the catoblepas
 27323 | D:15     | Gained mutation: You regenerate health from kills. [demonic
                  | ancestry]
 27323 | D:15     | Reached XP level 16. HP: 100/123 MP: 22/26
 27428 | D:15     | Found a staircase to the Depths.
 28030 | Spider:1 | Entered Level 1 of the Spider Nest
 28054 | Spider:1 | Reached skill level 5 in Dodging
 28108 | Spider:1 | Slain by a wolf spider

Levels and vault maps discovered:
D:1:      onia_arrival_zoo_common, layout_loops_cross, minivault_24
D:2:      layout_basic, old_standard_altar, cheibriados_altar_1, first_ration
D:3:      layout_basic, nicolae_overflow_hidden_temple, fedhas_altar_4,
          nicolae_dithmenos_through_a_glass_darkly
D:4:      layout_loops_ring, minmay_temple_entry_mist, dk_vineyard_2
D:5:      layout_loops_ring, nicolae_ru_sacrificial_ziggurat, serial_shops,
          kennysheep_mini_moat, shop
D:6:      layout_cave_pools
D:7:      layout_basic, grunt_livestock
D:8:      layout_basic, due_lair_maze_entry_diamond, serial_shops,
          nicolae_shop_overgrown_old_shop
D:9:      layout_basic, elyvilon_altar_3
D:10:     layout_roguey, uniq_erica, uniq_maurice
D:11:     layout_loops_cross, orc_0_dummy, uniq_fannar
D:12:     layout_basic, basic_altar, minmay_evil_grid, uniq_urug, uniq_kirke
D:13:     layout_layer_cave, portal_ice_cave_entry_pillars_1
D:14:     layout_rooms, david_vaults_5, minmay_guarded_unrand_resistance
D:15:     grunt_enter_depths_snipers, layout_basic, minmay_crystal_room,
          guppyfry_shop_blood, uniq_jorgrun, uniq_agnes
Temple:   lightli_temple_of_artemis
Lair:1:   layout_small_grid, gammafunk_ghost_arena, minivault_26,
          disabler_island, uniq_prince_ribbit2
Lair:2:   dpeg_oklob_gauntlet, layout_regular_city, skrybe_swamp_entry_bodies,
          basic_altar, serial_forest, infiniplex_forest_clump_double,
          infiniplex_forest_clump_curved, infiniplex_forest_lined_3,
          infiniplex_forest_end_2, infiniplex_forest_end_2,
          infiniplex_forest_clump_C, infiniplex_forest_lined_2,
          infiniplex_forest_straight_3, grunt_megastairs_2
Lair:3:   layout_regular_city, nicolae_spider_entry_orb_guardian,
          bobbens_dragon_lair_wall, lemuel_fruit_fields, lemuel_fruit_fields,
          uniq_gastronok
Lair:4:   layout_regular_city, gammafunk_lair_bear_cave, lemuel_fruit_fields,
          lemuel_fruit_tree
Lair:5:   layout_roguey
Lair:6:   minmay_lair_end_enchanted_forest, layout_layer_cave,
          minmay_slime_entry_pillars, serial_forest, infiniplex_forest_corner_1,
          infiniplex_forest_corner_2, infiniplex_forest_lined_3_way,
          infiniplex_forest_straight_2, enter_volcano_1, wad_woods_01,
          lemuel_fruit_fields, grunt_megastairs_3, lemuel_fruit_fields,
          serial_bayou_shore_b, uniq_snorg
Spider:1: layout_spider_delve, uniq_aizul
Orc:1:    layout_diamond_mine, basic_altar, nicolae_orc_lava_room
Orc:2:    grunt_orc_cross, layout_caves

Skill      XL: |  1  2  3  4  5  6  7  8  9 10 11 12 13 14 15 16 |
---------------+-------------------------------------------------+-----
Axes           | 3 4 5 6 7 9 10 12 13 15 16 18 | 18.7
Dodging        | 3 4 5 |  5.0
Armour         | 1 2 3 4 5 7 8 9 |  9.6
Fighting       | 3 4 5 6 7 8 9 10 | 10.6
Invocations    | 2 3 5 7 8 10 11 12 13 | 13.7
Evocations     | 2 3 4 6 |  6.2
Shields        | 1 3 |  3.6
Throwing       | |  1.7

Action                   |  1- 3 |  4- 6 |  7- 9 | 10-12 | 13-15 | 16-18 || total
-------------------------+-------+-------+-------+-------+-------+-------++-------
Melee: War axe           |    87 |   223 |    64 |       |       |       ||   374
       Broad axe         |       |       |   185 |   449 |  1286 |    39 ||  1959
       Kick              |       |       |       |       |   428 |    19 ||   447
Throw: Throwing net      |       |       |     2 |       |       |       ||     2
       Javelin           |       |       |       |       |     1 |       ||     1
 Abil: Draw Destruction  |       |       |       |    16 |    11 |     6 ||    33
       Draw Summoning    |       |       |       |       |     1 |     2 ||     3
Evoke: Wand              |       |       |     3 |    27 |    11 |       ||    41
       Sack of spiders   |       |       |       |     1 |     1 |       ||     2
       Lamp of fire      |       |       |       |     1 |     2 |       ||     3
  Use: Potion            |       |     5 |       |     1 |     6 |     5 ||    17
       Scroll            |       |     1 |    14 |     2 |    21 |     1 ||    39
 Stab: Distracted        |       |       |       |       |       |     1 ||     1
  Eat: Chunk             |     2 |    17 |    14 |    31 |    32 |     3 ||    99
Armor: Leather armour    |    35 |    38 |       |       |       |       ||    73
       Skin              |       |     7 |       |       |       |       ||     7
       Chain mail        |       |    79 |   163 |   274 |   660 |   112 ||  1288
       Plate armour      |       |       |    23 |       |       |       ||    23
Dodge: Dodged            |    76 |   122 |   107 |   203 |   393 |    58 ||   959
       Deflected         |       |       |       |       |     6 |       ||     6
Block: Buckler           |       |       |       |       |    64 |       ||    64
       Shield            |       |       |       |       |   209 |    51 ||   260
